 Dungeon Sprint DCSS version 0.22.1-57-g7394efd48c (webtiles) character file.

2425 Jannitor the Fighter (level 9, -7/117 (121) HPs)
             Began as a Demonspawn Berserker on Sept 14, 2018.
             Was a High Priest of Trog.
             Mangled by a flying skull (10 damage)
             ... in the Dungeon (Sprint II: "The Violet Keep of Menkaure") on Mar 18, 2019.
             The game lasted 00:05:23 (1130 turns).

Jannitor the Fighter (Demonspawn Berserker)         Turns: 1130, Time: 00:05:24

HP:   -7/117 (121)  AC:  8    Str: 25    XL:     9   Next: 24%
MP:   9/9           EV: 16    Int:  7    God:    Trog [*****.]
Gold: 274           SH:  0    Dex: 13    Spells: 8/8 levels left

rFire    . . .     SeeInvis .   j - +2 battleaxe (flame)
rCold    . . .     Gourm    .   (shield currently unavailable)
rNeg     . . .     Faith    .   k - +0 scale mail
rPois    .         Spirit   .   (no helmet)
rElec    .         Reflect  .   (no cloak)
rCorr    .         Harm     .   (no gloves)
MR       .....     NoTele   +   (no boots)
Stlth    ..........             (no amulet)
HPRegen  0.29/turn              (no ring)
MPRegen  0.11/turn              (no ring)

@: berserking, very quick
A: talons 2, dopey 1, nightstalker 3
a: Berserk, Trog's Hand, Brothers in Arms, Renounce Religion


You were in the Dungeon.
You worshipped Trog.
Trog was extremely pleased with you.
You were very hungry.

You visited 1 branch You collected 972 gold pieces.
You spent 698 gold pieces at shops.

Inventory:

Hand Weapons
 a - a +0 hand axe
 j - a +2 battleaxe of flaming (weapon)
Armour
 b - a +0 animal skin
 k - a +0 scale mail (worn)
Scrolls
 i - a scroll of blinking
Potions
 c - 2 potions of resistance
 d - a potion of curing
 e - 2 potions of heal wounds
 f - a potion of haste
 g - 2 potions of magic
 h - a potion of berserk rage


   Skills:
 + Level 11.0 Fighting
 + Level 10.2 Axes
 + Level 10.0 Armour
 + Level 10.0 Dodging


You had 8 spell levels left.
You didn't know any spells.
Your spell library was empty.

Dungeon Overview and Level Annotations

Branches:
Dungeon (1/1)

Altars:

Shops:
D !:}=[%:?:==(([![

Annotations:
D exclusion: oklob plant


Innate Abilities, Weirdness & Mutations

You have razor-sharp toenails.
You are completely attuned to the shadows.
You are dopey. (Int -2)


Message History

The flying skull hits you!
* * * LOW HITPOINT WARNING * * *
The flying skull hits you but does no damage.
The flying skull misses you. The flying skull hits you!
* * * LOW HITPOINT WARNING * * *
You miss the flying skull.
The flying skull is lightly damaged.
You hit the flying skull.
You hit the flying skull but do no damage.
The flying skull hits you!
* * * LOW HITPOINT WARNING * * *
The flying skull hits you!
* * * LOW HITPOINT WARNING * * *
The flying skull hits you but does no damage.
You miss the flying skull. Your kick misses the flying skull.
The flying skull is lightly damaged.
You slash the flying skull! You burn the flying skull.
You barely miss the flying skull. The flying skull barely misses you.
The flying skull closely misses you. The flying skull hits you!
You die...

§... ..§§..§z.# ≈##§.§..§§#
##########≈≈#'§§#'§§#
#########≈≈≈...§zz...
.∩.∩....#≈≈§≈.##z##
..∩.∩...#≈≈≈≈##z@z# ##
...∩)∩..#≈≈≈≈#.##..# .#
....∩.⌠.#≈≈####.###### .##
...∩.∩..#≈##.###'###.##..#
..∩.∩...#≈#.#.##.##...#..#
.∩.∩....'≈'###'.<.'.##+..#
∩.∩.....#≈#.#.##.##...#.§..#
▓▓▓▓▓▓###≈##.###'###.##......
all######≈≈### #..#### ≈.....


You could see 5 flying skulls.

Vanquished Creatures
  A skeletal warrior (D)
  2 hippogriffs (D)
  5 flying skulls (D)
  3 neqoxecs (D)
  Menkaure (D)
  4 necrophages (D)
  2 worms (D)
18 creatures vanquished.

Vanquished Creatures (others)
  An unseen horror (D)
  A neqoxec (D)
  A crocodile (D)
3 creatures vanquished.

Grand Total: 21 creatures vanquished

Notes
Turn   | Place    | Note
-------+----------+-------------------------------------------
     0 | D        | Jannitor the Demonspawn Berserker began the quest for the
                  | Orb.
     0 | D        | Reached XP level 1. HP: 18/18 MP: 1/1
     1 | D        | Noticed a neqoxec
     1 | D        | Noticed a neqoxec
     7 | D        | Gained mutation: You are dopey. (Int -2) [a neqoxec]
     9 | D        | Killed a neqoxec
     9 | D        | Reached skill level 5 in Fighting
     9 | D        | Reached skill level 5 in Axes
     9 | D        | Gained mutation: You have sharp toenails. [demonic
                  | ancestry]
     9 | D        | Reached XP level 2. HP: 28/28 MP: 2/2
     9 | D        | Reached XP level 3. HP: 34/34 MP: 3/3
     9 | D        | Reached XP level 4. HP: 40/40 MP: 4/4
    13 | D        | Killed a neqoxec
    13 | D        | Reached ** piety under Trog
    13 | D        | Reached skill level 6 in Fighting
    13 | D        | Reached skill level 5 in Armour
    13 | D        | Reached skill level 5 in Dodging
    13 | D        | Reached XP level 5. HP: 46/47 MP: 5/5
   106 | D        | Noticed a flying skull
   173 | D        | Killed an unseen horror
   191 | D        | Killed a crocodile
   212 | D        | Noticed a hippogriff
   212 | D        | Noticed a hippogriff
   216 | D        | Killed a hippogriff
   216 | D        | Reached skill level 7 in Fighting
   216 | D        | Gained mutation: You are slightly more attuned to the
                  | shadows. [demonic ancestry]
   216 | D        | Reached XP level 6. HP: 56/56 MP: 6/6
   221 | D        | Killed a hippogriff
   221 | D        | Reached skill level 8 in Fighting
   221 | D        | Gained mutation: You have razor-sharp toenails. [demonic
                  | ancestry]
   221 | D        | Reached XP level 7. HP: 59/63 MP: 7/7
   333 | D        | Reached *** piety under Trog
   352 | D        | Reached skill level 9 in Fighting
   354 | D        | Killed a neqoxec
   355 | D        | Reached **** piety under Trog
   639 | D        | Noticed a neqoxec
   641 | D        | Killed a neqoxec
   669 | D        | Found Jaron's Armour Emporium.
   669 | D        | Found Faska's Antique Armour Emporium.
   669 | D        | Found Tiaruaso's Antique Weapon Shoppe.
   669 | D        | Found Torith's Distillery.
   669 | D        | Found Hiloy's Weapon Emporium.
   670 | D        | Found Weenised's Jewellery Emporium.
   670 | D        | Found Nemag's Jewellery Shoppe.
   670 | D        | Found Fusosufi's Book Emporium.
   670 | D        | Found Plog's Magic Scroll Shoppe.
   671 | D        | Found Opofoc's Book Emporium.
   671 | D        | Found Xisuqomi's Food Shoppe.
   671 | D        | Found Neqoc's Antique Armour Shoppe.
   671 | D        | Noticed Menkaure
   671 | D        | Noticed a wyvern
   672 | D        | Found Avoxey's Jewellery Shoppe.
   672 | D        | Found Saulukoe's Gadget Emporium.
   672 | D        | Noticed a wyvern
   672 | D        | Noticed an oklob plant
   675 | D        | Found Xeapych's Distillery.
   676 | D        | Noticed a skeletal warrior
   678 | D        | Bought a runed battleaxe for 209 gold pieces
   685 | D        | Noticed a flying skull
   694 | D        | Killed Menkaure
   694 | D        | Gained mutation: You are significantly more attuned to the
                  | shadows. [demonic ancestry]
   694 | D        | Reached XP level 8. HP: 68/68 MP: 8/8
   696 | D        | Killed a flying skull
   697 | D        | Killed a flying skull
   697 | D        | Reached skill level 10 in Fighting
   708 | D        | Noticed a flying skull
   709 | D        | Noticed a flying skull
   715 | D        | Noticed a spiny frog
   716 | D        | Found Jiemn's Book Shoppe.
   717 | D        | Upgraded the game from 0.22.0-75-g3901e7991e to
                  | 0.22.1-57-g7394efd48c
   717 | D        | Noticed a spiny frog
   730 | D        | Killed a flying skull
   730 | D        | Reached ***** piety under Trog
   730 | D        | Noticed a flying skull
   748 | D        | HP: 3/103 [skeletal warrior/trident (14)]
   750 | D        | Killed a skeletal warrior
   750 | D        | Gained mutation: You are completely attuned to the shadows.
                  | [demonic ancestry]
   750 | D        | Reached XP level 9. HP: 3/76 MP: 9/9
  1072 | D        | Bought a scroll of enchant weapon for 105 gold pieces
  1077 | D        | Bought a potion of heal wounds for 60 gold pieces
  1077 | D        | Bought 2 potions of resistance for 240 gold pieces
  1082 | D        | Bought a scale mail for 84 gold pieces
  1118 | D        | Reached skill level 10 in Axes
  1123 | D        | Reached skill level 11 in Fighting
  1123 | D        | Reached skill level 10 in Armour
  1123 | D        | Reached skill level 10 in Dodging
  1129 | D        | HP: 3/117 [flying skull (7)]
  1130 | D        | Mangled by a flying skull

Skill      XL: |  1  2  3  4  5  6  7  8  9 |
---------------+----------------------------+-----
Fighting       | 5 6 7 8 9 10 11 | 11.0
Axes           | 5 6 7 8 9 10 | 10.2
Armour         | 4 5 6 7 8 9 10 | 10.0
Dodging        | 4 5 6 7 8 9 10 | 10.0

Action                   |  1- 3 |  4- 6 |  7- 9 || total
-------------------------+-------+-------+-------++-------
Melee: Hand axe          |     6 |    10 |    16 ||    32
       Kick              |       |     6 |    13 ||    19
       Battleaxe         |       |       |    33 ||    33
Invok: Berserk           |     1 |     1 |     4 ||     6
       Trog's Hand       |       |       |     1 ||     1
  Use: Scroll            |       |       |     1 ||     1
 Stab: Distracted        |       |       |     1 ||     1
  Eat: Ration            |       |       |     1 ||     1
       Chunk             |       |       |     1 ||     1
Armor: Scale mail        |       |       |    10 ||    10
Dodge: Dodged            |     3 |     6 |    38 ||    47
